 Dungeon Crawl Stone Soup version 0.17-a0-1582-ge6b0260 (webtiles) character file.

74 Chiseanne the Skirmisher (level 4, -1/34 HPs)
             Began as a Demonspawn Wanderer on July 27, 2015.
             Slain by a hound (2 damage)
             ... on level 3 of the Dungeon.
             The game lasted 00:04:58 (2192 turns).

Chiseanne the Skirmisher (Demonspawn Wanderer)      Turns: 2192, Time: 00:04:58

Health: -1/34      AC:  3    Str: 12    XL:     4   Next: 10%
Magic:  7/7        EV: 12    Int: 16    God:
Gold:   153        SH:  0    Dex: 11    Spells: 0 memorised, 7 levels left

rFire  . . .     SeeInvis .     a - +2 mace
rCold  . . .     Clarity  .     c - +0 robe
rNeg   . . .     SustAt   .     (no shield)
rPois  .         Gourm    .     (no helmet)
rElec  .         Spirit   .     n - +0 cloak
rCorr  .         Warding  .     (no gloves)
rMut   .         Stasis   .     (no boots)
MR     .....                    (no amulet)
Stlth  +++.......               (no ring)
                                (no ring)

@: lethally poisoned (-1 -> -3), not resistant to hostile enchantments, fairly
stealthy
A: talons 1, nightstalker 1
a: no special abilities


You were on level 3 of the Dungeon.
You were very hungry.

You visited 1 branch of the dungeon, and saw 3 of its levels.

You collected 153 gold pieces.

Inventory:

Hand weapons
 a - a +2 mace (weapon)
Missiles
 e - 9 sling bullets
 o - 22 arrows
Armour
 c - a +0 robe (worn)
 n - a +0 cloak (worn)
Scrolls
 g - a scroll of recharging
 i - 2 scrolls of remove curse
Potions
 b - 2 potions of magic {unknown}
Comestibles
 d - 5 bread rations
 h - a slice of pizza


   Skills:
 + Level 2.3 Fighting
 - Level 1.7 Maces & Flails
 - Level 1.7 Throwing
 + Level 2.0 Dodging
 * Level 1.7 Stealth
 - Level 2.0 Spellcasting
   Level 1.0 Charms
   Level 1.7 Air Magic


You had 7 spell levels left.
You didn't know any spells.

Dungeon Overview and Level Annotations

Branches:
Dungeon (3/15)

Altars:
Makhleb


Innate Abilities, Weirdness & Mutations

You have sharp toenails.
You are slightly more attuned to the shadows.


Message History

You closely miss the adder.
The adder is moderately wounded.
You feel sick. The hound misses you. The adder completely misses you.
The hound bites you.
* * * LOW HITPOINT WARNING * * *
You barely miss the adder.
The adder is moderately wounded.
The adder bites you but does no damage. The hound bites you.
* * * LOW HITPOINT WARNING * * *
The adder closely misses you. The hound bites you.
* * * LOW HITPOINT WARNING * * *
You hit the adder. Your kick misses the adder.
The adder is almost dead.
The hound bites you but does no damage. The adder barely misses you.
The hound barely misses you. The adder misses you.
You hit the adder. Your kick misses the adder.
The adder is almost dead.
* * * LOW HITPOINT WARNING * * *
You feel sick. The hound bites you.
You die...

##..# *,,,**,*,*
#####..###**,***,,,*
.........##***
**,,** ..........##
*,,,,* ...........#
****,* ...........#
###*** ...........#
###∩###
...........###..h..#
.............##S@.#*
..........##..#...#
.........####.....#
########## ##....#
######


You could see a hound and an adder.

Vanquished Creatures
  2 adders (D:3)
  2 worms
  6 giant cockroaches
  8 goblins
  5 hobgoblins
  3 jackals (D:1)
  A quokka (D:3)
  4 bats
  3 giant newts (D:1)
  8 kobolds
  7 rats
49 creatures vanquished.

Notes
Turn   | Place    | Note
--------------------------------------------------------------
     0 | D:1      | Chiseanne the Demonspawn Wanderer began the quest for the Orb.
     0 | D:1      | Chiseanne set off with: a +2 mace, a scroll of teleportation, a +0 robe, a bread ration
     0 | D:1      | Reached XP level 1. HP: 15/15 MP: 3/3
   194 | D:1      | Gained mutation: You have sharp toenails. [demonic ancestry]
   194 | D:1      | Reached XP level 2. HP: 18/21 MP: 5/5
   267 | D:1      | Reached skill level 1 in Dodging
   950 | D:1      | Gained mutation: You are slightly more attuned to the shadows. [demonic ancestry]
   950 | D:1      | Reached XP level 3. HP: 17/27 MP: 6/6
  1623 | D:3      | Reached skill level 1 in Stealth
  1645 | D:3      | HP: 1/27 [poisoned by a kobold]
  2057 | D:3      | Reached XP level 4. HP: 27/34 MP: 7/7
  2181 | D:3      | Found a burning altar of Makhleb.
  2190 | D:3      | HP: 1/34 [hound (2)]
  2192 | D:3      | Slain by a hound

Vault maps used:
D:1:      minmay_arrival_jagged
D:3:      first_bread, makhleb_heckhound_becter

Action                   |  1- 3 |  4- 6 || total
-------------------------+-------+-------++-------
Melee: Mace              |   128 |    12 ||   140
  Use: Scroll            |     6 |       ||     6
       Potion            |     1 |       ||     1
 Stab: Sleeping          |     6 |     1 ||     7
  Eat: Chunk             |     3 |       ||     3
